AoeStats
← abohelmo

Arena

508522566Analyzed
4v4 RM · 11d ago on Sep 22, 2026· 66m 33s· 8 players
Game mode
Random Map
Map size
Large (8 player)
Population
200
Speed
Normal
Resources
Standard
Victory
Conquest
Starting age
Dark Age
Ending age
Imperial Age
RankedLock teamsTeams togetherTeam positionsShared explorationLock speedFull tech treeHidden civsTurbo modeCheats
Victory
Defeat
🇬🇧 Goths · United Kingdom
1068
+12
🇬🇹 Italians · Guatemala
1050
+13
🇪🇬 Romans · Egypt
1042
+13
🇦🇷 Bohemians · Argentina
858
+21
🇪🇸 Koreans · Spain
1001
-16
🇦🇹 Celts · Austria
1000
-48
🇩🇪 Britons · Germany
973
-15
🇹🇷 Ethiopians · Türkiye
907
-12
Carbenok
10:42 Feudal Age
12:07 Double-Bit Axe
16:04 Castle Age
15:37 Horse Collar
18:18 Wheelbarrow
21:58 Loom
24:46 Town Watch
26:14 Bow Saw
26:05 Heavy Plow
25:57 Gold Mining
26:00 Stone Mining
30:24 Imperial Age
27:56 Town Patrol
28:18 Hand Cart
28:07 Gold Mining
28:09 Stone Mining
30:27 Fletching
30:23 Treadmill Crane
31:39 Gold Shaft Mining
31:28 Conscription
31:11 Onager
32:02 Siege Engineers
33:25 Ballistics
34:15 Elite Longbowman
34:51 Bodkin Arrow
36:01 Two-Man Saw
36:21 Yeomen
36:10 Bracer
36:11 Padded Archer Armor
47:11 Crossbowman
47:56 Arbalester
53:32 Elite Skirmisher
56:56 Leather Archer Armor
andreas
12:53 Feudal Age
18:54 Castle Age
20:03 Double-Bit Axe
20:02 Horse Collar
21:42 Bow Saw
21:50 Heavy Plow
29:15 Forging
29:07 Scale Mail Armor
29:16 Scale Barding Armor
29:05 Fletching
29:16 Padded Archer Armor
29:59 Wheelbarrow
29:12 Town Watch
29:13 Loom
31:05 Hand Cart
31:13 Hand Cart
31:27 Town Patrol
33:21 Stronghold
34:32 Iron Casting
41:19 Chain Mail Armor
46:39 Imperial Age
47:14 Elite Woad Raider
52:36 Conscription
e4gl3
1:27 Loom
11:07 Feudal Age
11:34 Double-Bit Axe
13:01 Horse Collar
15:10 Stone Mining
17:36 Castle Age
20:47 Gold Mining
21:18 Bow Saw
22:09 Heavy Plow
30:43 Gold Shaft Mining
29:42 Crossbowman
30:27 Padded Archer Armor
30:18 Fletching
34:54 Imperial Age
33:20 Thumb Ring
35:15 Arbalester
36:14 Leather Archer Armor
35:55 Bodkin Arrow
36:07 Scale Barding Armor
35:40 Light Cavalry
36:21 Husbandry
38:01 Hussar
42:45 Chain Barding Armor
44:36 Ring Archer Armor
44:10 Bracer
48:22 Chemistry
53:34 Ballistics
53:04 Elite Skirmisher
54:32 Caravan
Odiseo
10:45 Feudal Age
11:28 Horse Collar
11:36 Double-Bit Axe
17:18 Castle Age
19:08 Bow Saw
18:58 Stone Mining
21:26 Gold Mining
22:15 Stone Shaft Mining
22:41 Wheelbarrow
23:42 Gold Shaft Mining
26:20 Hand Cart
25:53 Town Watch
25:54 Loom
30:25 Fletching
30:45 Forging
31:17 Scale Mail Armor
37:16 Imperial Age
34:48 Town Patrol
35:29 Arson
35:44 Squires
35:04 Pikeman
35:05 Man-at-Arms
36:13 Ballistics
37:25 Heavy Rocket Cart
37:26 Capped Ram
38:28 Shinkichon
38:28 Conscription
38:19 Siege Engineers
39:15 Chemistry
37:56 Treadmill Crane
38:47 Elite Fire Lancer
39:43 Masonry
38:58 Elite War Wagon
40:18 Iron Casting
39:58 Chain Mail Armor
39:39 Bodkin Arrow
43:04 Plate Mail Armor
42:35 Bracer
42:40 Scale Barding Armor
41:59 Long Swordsman
42:00 Halberdier
44:35 Architecture
44:01 Murder Holes
44:16 Fortified Wall
43:57 Two-Handed Swordsman
46:31 Guilds
50:09 Eupseong
65:01 Caravan
FeherFarkas
10:11 Feudal Age
11:21 Double-Bit Axe
15:03 Castle Age
13:32 Horse Collar
15:55 Wheelbarrow
16:26 Bow Saw
23:31 Heavy Plow
23:49 Stone Mining
24:42 Hand Cart
27:15 Gold Mining
27:31 Loom
31:37 Imperial Age
28:53 Town Watch
29:50 Ballistics
29:12 Treadmill Crane
29:29 Fletching
29:39 Padded Archer Armor
29:03 Elite Skirmisher
30:08 Bodkin Arrow
31:41 Leather Archer Armor
32:04 Thumb Ring
32:46 Bracer
33:17 Ring Archer Armor
33:50 Chemistry
33:53 Two-Man Saw
33:26 Crop Rotation
33:52 Stone Shaft Mining
33:41 Conscription
33:55 Town Patrol
34:21 Elite Genoese Crossbowman
35:44 Masonry
35:45 Fortified Wall
48:25 Architecture
47:52 Murder Holes
52:08 Scale Mail Armor
52:19 Forging
52:12 Squires
51:57 Arson
59:54 Chain Mail Armor
60:15 Iron Casting
62:08 Plate Mail Armor
62:04 Arrowslits
63:12 Guard Tower
64:25 Blast Furnace
64:19 Crossbowman
knight
10:09 Loom
12:05 Feudal Age
14:10 Wheelbarrow
15:59 Wheelbarrow
19:08 Castle Age
18:59 Double-Bit Axe
18:59 Horse Collar
20:12 Hand Cart
20:40 Bow Saw
21:45 Pikeman
23:02 Heavy Plow
30:32 Ballistas
32:33 Gold Mining
38:08 Imperial Age
37:18 Ballistics
37:09 Fortified Wall
37:06 Squires
37:23 Scale Mail Armor
37:34 Forging
38:21 Gold Shaft Mining
38:46 Heavy Scorpion
41:27 Chemistry
41:15 Conscription
41:30 Siege Engineers
41:49 Halberdier
42:31 Squires
44:13 Chain Mail Armor
44:34 Iron Casting
45:15 Capped Ram
48:34 Siege Ram
abohelmo
0:32 Loom
11:19 Feudal Age
17:15 Castle Age
15:18 Horse Collar
15:27 Double-Bit Axe
18:12 Wheelbarrow
17:58 Heavy Plow
18:16 Bow Saw
20:33 Hand Cart
20:45 Hand Cart
22:38 Pikeman
23:19 Squires
22:41 Man-at-Arms
24:06 Stone Mining
24:24 Town Watch
24:36 Long Swordsman
26:39 Caravan
29:42 Stone Shaft Mining
28:58 Gold Mining
29:49 Town Patrol
34:30 Imperial Age
32:03 Scale Mail Armor
32:14 Forging
33:58 Chain Mail Armor
34:19 Iron Casting
33:46 Anarchy
35:13 Perfusion
35:41 Conscription
35:01 Halberdier
35:04 Two-Handed Swordsman
36:56 Blast Furnace
35:30 Champion
37:26 Two-Man Saw
37:05 Crop Rotation
38:25 Chemistry
37:06 Treadmill Crane
37:18 Heated Shot
38:07 Ballistics
39:11 Elite Huskarl
SlonceG
8:40 Loom
11:38 Feudal Age
16:22 Castle Age
14:52 Double-Bit Axe
15:11 Horse Collar
17:34 Wheelbarrow
18:29 Bow Saw
19:30 Fervor
21:40 Hand Cart
30:50 Wagenburg Tactics
34:01 Imperial Age
31:19 Town Watch
32:54 Chemistry
33:55 Ballistics
33:48 Pikeman
34:28 Squires
34:41 Forging
34:31 Scale Mail Armor
35:55 Two-Man Saw
35:30 Conscription
35:22 Hussite Reforms
34:45 Elite Hussite Wagon
34:52 Houfnice
39:49 Caravan
40:20 Coinage
40:00 Guilds
40:25 Halberdier
42:28 Hussite Reforms
44:47 Town Patrol
45:04 Siege Engineers
45:09 Fortified Wall
45:13 Masonry
46:30 Iron Casting
46:10 Chain Mail Armor
50:15 Blast Furnace
49:30 Chain Mail Armor
49:05 Arson
52:51 Architecture
53:58 Murder Holes
57:07 Plate Mail Armor
58:18 Banking
Connection lost

Rejoining the realm…

Still unreachable

The connection could not be restored.

Session expired

The server has moved on; the page needs a fresh start.